 Dungeon Crawl Stone Soup version 0.20-a0-2-g2b0e13a (webtiles) character file.

29715 motkulegit the Destroyer (level 13, -21/89 HPs)
             Began as a High Elf Conjurer on Oct 28, 2016.
             Was an Elder of Sif Muna.
             Demolished by a frost giant
             ... wielding a +2 battleaxe of freezing
              (36 damage)
             ... in an ice cave on Oct 29, 2016.
             The game lasted 01:13:16 (20510 turns).

motkulegit the Destroyer (High Elf Conjurer)       Turns: 20510, Time: 01:13:21

Health: -21/89     AC:  5    Str:  7    XL:     13   Next: 16%
Magic:  25/29      EV: 19    Int: 33    God:    Sif Muna [****..]
Gold:   763        SH:  0    Dex: 18    Spells: 6 memorised, 16 levels left

rFire  + . .     SeeInvis .     i - +4 Vampire's Tooth {vamp}
rCold  . . .     Gourm    .     a - +0 robe
rNeg   . . .     Faith    .     (no shield)
rPois  .         Spirit   .     t - +0 helmet
rElec  .         Reflect  .     o - +0 cloak
rCorr  .         Harm     .     Z - +0 pair of gloves
MR     +....                    (no boots)
Stlth  +++.......               (no amulet)
                                O - +5 ring of intelligence
                                n - ring of protection from fire

@: brilliant
A: no striking features
a: Divine Energy, Channel Magic, Forget Spell, Renounce Religion


You were in an ice cave.
You worshipped Sif Muna.
Sif Muna was greatly pleased with you.
You were not hungry.

You visited 3 branches of the dungeon, and saw 15 of its levels.
You also visited: Sewer and Ice Cave.

You collected 829 gold pieces.
You spent 66 gold pieces at shops.

Inventory:

Hand Weapons
 i - the +4 Vampire's Tooth (weapon) {vamp}
   (You found it in an ice cave)

   It inflicts no extra harm, but heals its wielder when it wounds a living foe.
 l - a +2 dagger of venom
 M - a +0 long sword
 W - a +0 falchion
Armour
 a - a +0 robe (worn)
 o - a +0 cloak (worn)
 t - a +0 helmet (worn)
 Z - a +0 pair of gloves (worn)
Jewellery
 n - a ring of protection from fire (left hand)
 q - an uncursed ring of flight
 C - an uncursed ring of protection from fire
 O - a +5 ring of intelligence (right hand)
 R - an uncursed amulet of guardian spirit
Wands
 g - a wand of digging (3/24)
 V - a wand of digging (15/24)
 Y - a wand of teleportation (3/9)
Scrolls
 h - 4 scrolls of enchant armour
 k - 4 scrolls of teleportation
 m - 4 scrolls of magic mapping
 u - 5 scrolls of enchant weapon
 x - 5 scrolls of fear
 y - a scroll of blinking
 D - 4 scrolls of recharging
 H - 7 scrolls of remove curse
 L - 4 scrolls of fog
 N - a scroll of holy word
 Q - a scroll of silence {unknown}
Potions
 d - 4 potions of lignification
 e - 5 potions of curing
 f - a potion of cure mutation {unknown}
 j - a potion of beneficial mutation {unknown}
 p - a potion of berserk rage {unknown}
 r - 4 potions of brilliance
 s - 3 potions of mutation {unknown}
 w - 2 potions of haste {unknown}
 A - 2 potions of magic {unknown}
 B - 5 potions of might {unknown}
 E - a potion of heal wounds
 F - a potion of agility {unknown}
 U - a potion of cancellation {unknown}
Books
 b - a book of Conjurations

   Spells                             Type                      Level
   a - Magic Dart                     Conjuration                  1
   b - Searing Ray                    Conjuration                  2
   c - Dazzling Spray                 Conjuration/Hexes            3
   d - Fulminant Prism                Conjuration/Hexes            4
   e - Iskenderun's Mystic Blast      Conjuration                  4
   f - Iskenderun's Battlesphere      Conjuration/Charms           5
 P - a book of Beasts

   Spells                             Type                      Level
   a - Summon Butterflies             Summoning                    1
   b - Call Canine Familiar           Summoning                    3
   c - Summon Ice Beast               Ice/Summoning                4
   d - Summon Mana Viper              Hexes/Summoning              5
   e - Summon Hydra                   Summoning                    7
 S - a book of Flames

   Spells                             Type                      Level
   a - Flame Tongue                   Conjuration/Fire             1
   b - Throw Flame                    Conjuration/Fire             2
   c - Conjure Flame                  Conjuration/Fire             3
   d - Inner Flame                    Hexes/Fire                   3
   e - Sticky Flame                   Conjuration/Fire             4
   f - Fireball                       Conjuration/Fire             5
 X - a book of Clouds

   Spells                             Type                      Level
   a - Mephitic Cloud                 Conjuration/Poison/Air       3
   b - Conjure Flame                  Conjuration/Fire             3
   c - Poisonous Cloud                Conjuration/Poison/Air       6
   d - Freezing Cloud                 Conjuration/Ice/Air          6
   e - Ring of Flames                 Charms/Fire                  7
Comestibles
 c - 11 bread rations
 G - 15 fruits
 I - 5 meat rations


   Skills:
 + Level 8.3 Fighting
 + Level 5.4(6.1) Short Blades
 - Level 4.2(5.5) Long Blades
 - Level 9.0 Dodging
 - Level 5.4 Stealth
 + Level 11.2 Spellcasting
 - Level 13.0 Conjurations
 - Level 9.3 Charms
 + Level 3.2 Fire Magic
 - Level 5.0 Invocations


You had 16 spell levels left.
You knew the following spells:

 Your Spells              Type           Power        Failure   Level  Hunger
a - Searing Ray           Conj           ######       1%          2    None
b - Iskenderun's Mystic   Conj           #######.     1%          4    None
c - Iskenderun's Battles  Conj/Chrm      #######.     1%          5    ##.....
d - Conjure Flame         Conj/Fire      #######.     1%          3    None
e - Mephitic Cloud        Conj/Pois/Air  ######..     1%          3    None
f - Magic Dart            Conj           ####         0%          1    None


Dungeon Overview and Level Annotations

Branches:
Dungeon (10/15)            Temple (1/1) D:6            Lair (4/6) D:10
 Shoals (0/4) Lair:2        Snake (0/4) Lair:4          Orc (0/2) D:10

Altars:
Ashenzari
Cheibriados
Dithmenos
Elyvilon
Fedhas
Gozag
Hepliaklqana
Kikubaaqudgha
Makhleb
Nemelex Xobeh
Okawaru
Qazlal
Ru
Sif Muna
Trog
Uskayaw
Vehumet
Xom
Yredelemnul
Zin
The Shining One

Shops:
D:4 [   D:6 ?

Annotations:
D:5 exclusion: downstairs, Edmund
D:7 exclusion: downstairs, Prince Ribbit
D:8 exclusions: battlesphere and downstairs
D:9 exclusion: downstairs
Lair:3 exclusion: 2 downstairs


Message History

Zapping:
g - a wand of digging (4/24)
Press: ? - help, Shift-Dir - straight line, p - yak The rock shatters into small pieces.
This wand has 3 charges left.
You are engulfed in noxious fumes.
* * * LOW HITPOINT WARNING * * *
The polar bear seems less confused.
The frost giant is engulfed in noxious fumes.
The frost giant appears confused.
The yak is engulfed in noxious fumes.
The yak appears confused.
The yak barely misses the rime drake.
The polar bear bites the yak!
The polar bear completely misses the yak.
The polar bear barely misses the yak.
You bump into the ice covered rock wall.
You are engulfed in noxious fumes.
* * * LOW HITPOINT WARNING * * *
You feel less confused.
The frost giant is engulfed in noxious fumes.
The frost giant appears confused.
The frost giant hits you with a battleaxe of freezing!!!
You die...

)# $. ###. #####
##... ###...####
#..hh ##...#....###
#.hY###..#........##
#kY§##...####.....###
###C@.##.#.#####....#
#..###!..⌠.# ##....
###.#.#...## ###..
##.###### #########
### ###..÷.##÷÷
###...#..÷÷##
###....#######
##...#### ####...## #


You could see a frost giant (confused), 3 polar bears, 2 yaks and a rime drake.

Vanquished Creatures
  4 hydras
  A death yak (IceCv)
  A hill giant (D:10)
  A lindwurm (Lair:3)
  Pikel (D:9)
  The ghost of brucemayne the Cleaver, a novice HOMo of Makhleb (D:9)
  3 oklob plants (Lair:2)
  4 elephants (Lair:2)
  An ice statue (IceCv)
  A guardian serpent (D:10)
  4 spiny frogs
  A rime drake (IceCv)
  2 komodo dragons
  A troll (D:10)
  13 polar bears (IceCv)
  2 two-headed ogres (D:9)
  12 blink frogs
  Grinder (D:4)
  6 hippogriffs
  15 yaks
  A hungry ghost (D:8)
  A basilisk (Lair:2)
  Grum (Lair:1)
  3 water moccasins
  13 porcupines
  A black bear (D:6)
  4 orc warriors
  4 sky beasts
  A phantom (D:6)
  3 slaves (D:9)
  An ogre (D:6)
  An ice beast (D:9)
  21 wolves
  6 centaurs
  13 crocodiles
  14 bullfrogs
  4 scorpions
  14 killer bees
  2 howler monkeys
  14 wights
  2 electric eels
  4 crimson imps
  2 centaur zombies
  A quasit (D:7)
  A bullfrog zombie (D:9)
  2 orc priests
  3 hounds
  3 jellies
  8 orc wizards
  A bullfrog skeleton (D:7)
  A centaur skeleton (D:6)
  Jessica (D:2)
  9 iguanas
  8 worker ants
  A hound zombie (D:8)
  A hound skeleton (D:5)
  A worker ant zombie (D:6)
  Robin (D:2)
  15 gnolls
  12 river rats
  17 adders
  A shadow imp (D:6)
  12 white imps (Lair:4)
  2 oozes
  2 adder skeletons
  8 worms
  2 dart slugs (D:1)
  7 leopard geckos
  29 orcs
  20 ball pythons
  7 giant cockroaches
  10 goblins
  4 hobgoblins
  2 jackals (D:4)
  13 kobolds
  4 bats
  6 frilled lizards
  A leopard gecko zombie (D:6)
  A quokka zombie (D:6)
  27 rats
  A plant (Lair:2)
450 creatures vanquished.

Vanquished Creatures (others)
  A slave (D:9)
  A fungus (Lair:1)
  6 plants (D:10)
8 creatures vanquished.

Grand Total: 458 creatures vanquished

Notes
Turn   | Place    | Note
-------+----------+-------------------------------------------
     0 | D:1      | motkulegit the High Elf Conjurer began the quest for the Orb.
     0 | D:1      | Reached XP level 1. HP: 11/11 MP: 4/4
   733 | D:1      | Reached XP level 2. HP: 17/17 MP: 0/6
   740 | D:1      | Learned a level 2 spell: Searing Ray
  1218 | D:1      | Reached skill level 5 in Conjurations
  1365 | D:1      | Reached XP level 3. HP: 21/21 MP: 2/8
  1841 | D:2      | Noticed Jessica
  1844 | D:2      | Killed Jessica
  1934 | D:2      | Reached XP level 4. HP: 27/27 MP: 7/9
  2540 | D:2      | Reached skill level 6 in Conjurations
  2545 | D:2      | Noticed Robin
  2554 | D:2      | Killed Robin
  2984 | D:3      | Reached XP level 5. HP: 32/32 MP: 5/11
  3137 | D:3      | Reached skill level 1 in Fighting
  3211 | D:3      | Reached XP level 6. HP: 39/39 MP: 5/13
  3427 | D:3      | Found a burning altar of Makhleb.
  3427 | D:3      | Noticed a balrug
  3735 | D:4      | Learned a level 4 spell: Iskenderun's Mystic Blast
  3815 | D:4      | Found Kuici's Antique Armour Shop.
  3859 | D:4      | Noticed Grinder
  4114 | D:4      | Reached skill level 7 in Conjurations
  4222 | D:4      | Reached XP level 7. HP: 40/45 MP: 5/14
  4326 | D:4      | Found a blossoming altar of Fedhas.
  4426 | D:4      | Killed Grinder
  4426 | D:4      | Reached skill level 5 in Spellcasting
  4578 | D:4      | Found a shadowy altar of Dithmenos.
  4818 | D:5      | Entered Level 5 of the Dungeon
  4985 | D:5      | Reached skill level 8 in Conjurations
  5309 | D:5      | Reached XP level 8. HP: 33/50 MP: 5/17
  5490 | D:5      | Reached skill level 5 in Dodging
  5777 | D:6      | Found a glowing drain.
  5782 | Sewer    | Entered a sewer
  6055 | Sewer    | Reached skill level 9 in Conjurations
  6968 | D:6      | Found a glowing silver altar of Zin.
  6968 | D:6      | Found a stormy altar of Qazlal.
  6969 | D:6      | Noticed Edmund
  6970 | D:6      | Found a hide-covered altar of Uskayaw.
  7156 | D:6      | Found a shattered altar of Ashenzari.
  7297 | D:6      | Learned a level 5 spell: Iskenderun's Battlesphere
  7371 | D:6      | Reached skill level 1 in Charms
  7816 | D:6      | Reached XP level 9. HP: 55/55 MP: 8/20
  7916 | D:6      | Found a staircase to the Ecumenical Temple.
  7921 | Temple   | Entered the Ecumenical Temple
  7926 | Temple   | Became a worshipper of Sif Muna the Loreminder
  8559 | D:6      | Reached skill level 10 in Conjurations
  8687 | D:6      | Found Woytwoenn's Magic Scroll Shop.
  8695 | D:6      | Bought a scroll of fear for 42 gold pieces
  8695 | D:6      | Bought a scroll of fog for 24 gold pieces
  9125 | D:6      | Reached * piety under Sif Muna
  9469 | D:7      | Noticed Prince Ribbit
 10948 | D:8      | Reached XP level 10. HP: 65/65 MP: 11/23
 10981 | D:8      | Found a shimmering altar of Xom.
 11239 | D:8      | Reached skill level 5 in Charms
 11647 | D:9      | Reached ** piety under Sif Muna
 11806 | D:9      | Noticed brucemayne's ghost (novice HOMo)
 11970 | D:9      | Noticed Pikel
 11977 | D:9      | Killed Pikel
 11977 | D:9      | Reached skill level 11 in Conjurations
 12094 | D:9      | Killed brucemayne's ghost
 12463 | D:9      | Reached *** piety under Sif Muna
 12862 | D:10     | Entered Level 10 of the Dungeon
 13124 | D:10     | Found a staircase to the Orcish Mines.
 13242 | D:10     | Reached XP level 11. HP: 70/70 MP: 9/25
 13493 | D:10     | Found a staircase to the Lair.
 13567 | D:10     | Noticed a hill giant
 13578 | D:10     | Killed a hill giant
 13578 | D:10     | Reached skill level 5 in Fighting
 14068 | D:10     | Reached **** piety under Sif Muna
 14359 | Lair:1   | Entered Level 1 of the Lair of Beasts
 14359 | Lair:1   | Noticed Grum
 14471 | Lair:1   | Killed Grum
 14605 | Lair:1   | Reached skill level 5 in Stealth
 14717 | Lair:1   | Reached skill level 12 in Conjurations
 15107 | Lair:1   | Reached skill level 1 in Invocations
 15112 | Lair:1   | Reached skill level 1 in Short Blades
 15629 | Lair:2   | Found an ancient bone altar of Kikubaaqudgha.
 16095 | Lair:2   | Noticed an oklob plant
 16166 | Lair:2   | Noticed an oklob plant
 16245 | Lair:2   | Noticed a five-headed hydra
 16249 | Lair:2   | Killed a five-headed hydra
 16249 | Lair:2   | Reached XP level 12. HP: 80/80 MP: 14/26
 16407 | Lair:2   | Found a staircase to the Shoals.
 16590 | Lair:2   | Reached skill level 10 in Spellcasting
 17720 | Lair:3   | Noticed a five-headed hydra
 17726 | Lair:3   | Killed a five-headed hydra
 18123 | Lair:3   | Noticed a six-headed hydra
 18129 | Lair:3   | Killed a six-headed hydra
 18129 | Lair:3   | Reached skill level 1 in Long Blades
 18412 | Lair:4   | Noticed a four-headed hydra
 18435 | Lair:4   | Reached ***** piety under Sif Muna
 18435 | Lair:4   | Received a gift from Sif Muna
 18451 | Lair:4   | Killed a four-headed hydra
 18491 | Lair:4   | Found a frozen archway.
 18556 | Lair:4   | Learned a level 3 spell: Conjure Flame
 18664 | IceCv    | Entered an ice cave
 18687 | IceCv    | Reached skill level 13 in Conjurations
 18792 | IceCv    | Reached skill level 5 in Invocations
 19098 | IceCv    | Reached skill level 1 in Fire Magic
 19429 | IceCv    | Noticed a death yak
 19464 | IceCv    | Killed a death yak
 19625 | IceCv    | Reached XP level 13. HP: 80/88 MP: 27/29
 19936 | IceCv    | Reached skill level 5 in Short Blades
 20484 | IceCv    | Noticed a frost giant
 20496 | IceCv    | Learned a level 3 spell: Mephitic Cloud
 20510 | IceCv    | Demolished by a frost giant

Vault maps used:
D:1:      saegor_arrival_simple_d
D:2:      uniq_jessica, uniq_robin
D:3:      first_bread, makhleb_altar_promises_db
D:4:      fedhas_altar_1, grunt_dithmenos_smoke, serial_shops, shop,
          uniq_grinder
D:5:      dk_vineyard_3
D:6:      grunt_temple_overflow_open, portal_sewer_entry_e, serial_shops, shop,
          uniq_edmund
D:7:      uniq_prince_ribbit1
D:8:      basic_altar
D:9:      uniq_pikel
D:10:     minmay_lair_entry_grove, orc_0_dummy, hangedman_little_slice_of_home,
          amethyst_killhole, nrook_guardian_serpent_ordinary
Temple:   minmay_freezing_vapour_temple
Lair:1:   grunt_megastairs_4, uniq_grum
Lair:2:   elwin_shoals_entry_rooms, basic_altar, minmay_stone_trees_medium,
          disabler_island
Lair:3:   infiniplex_staircase_pool
Lair:4:   dummy_snake_entry, portal_ice_cave_entry_imps, minivault_26
Sewer:    sewer_minmay_w
IceCv:    ice_cave_caverns_01

Skill      XL: |  1  2  3  4  5  6  7  8  9 10 11 12 13 |
---------------+----------------------------------------+-----
Conjurations   | 5 6 7 8 9 10 11 12 13 | 13.0
Spellcasting   | 3 4 5 6 8 9 11 | 11.2
Fighting       | 1 2 4 6 8 |  8.3
Dodging        | 3 4 6 7 9 |  9.0
Charms         | 1 4 8 9 |  9.3
Stealth        | 3 5 |  5.4
Invocations    | 2 5 |  5.0
Short Blades   | 3 4 5 |  5.4
Long Blades    | 3 4 |  4.2
Fire Magic     | 2 3 |  3.2

Action                   |  1- 3 |  4- 6 |  7- 9 | 10-12 | 13-15 || total
-------------------------+-------+-------+-------+-------+-------++-------
Melee: Unarmed           |    13 |       |       |       |       ||    13
       Dagger            |       |    27 |    34 |    91 |    53 ||   205
Throw: Throwing net      |       |     1 |     1 |       |       ||     2
 Cast: Magic Dart        |    56 |    69 |   254 |   390 |    15 ||   784
       Searing Ray       |     7 |    12 |    55 |    25 |     2 ||   101
       Iskenderun's Myst |       |     1 |    15 |    31 |     7 ||    54
       Iskenderun's Batt |       |       |     2 |    91 |     4 ||    97
       Conjure Flame     |       |       |       |     6 |     7 ||    13
       Mephitic Cloud    |       |       |       |       |     2 ||     2
Invok: Divine Energy     |       |       |       |     2 |       ||     2
       Stop Divine Energ |       |       |       |     2 |       ||     2
       Channel Magic     |       |       |       |     3 |       ||     3
Evoke: Wand              |       |       |       |     1 |     2 ||     3
  Use: Scroll            |       |     5 |     4 |    17 |     1 ||    27
       Potion            |       |       |       |     4 |     5 ||     9
 Stab: Sleeping          |       |     4 |     2 |     1 |       ||     7
  Eat: Chunk             |     3 |     8 |    18 |    36 |     3 ||    68
       Royal jelly       |       |       |     1 |     1 |     1 ||     3
       Beef jerky        |       |       |     2 |     1 |       ||     3
       Fruit             |       |       |       |     4 |     3 ||     7
       Pizza             |       |       |       |     1 |       ||     1
Armor: Robe              |     2 |     5 |    11 |    23 |    10 ||    51
Dodge: Dodged            |    26 |    22 |   139 |   190 |    40 ||   417
